Map: Blackpink LE

Players

Kelazhur

  • Race: Terran Terran
  • Spawn Location: 1:00

Lambo - Winner!

  • Race: Zerg Zerg
  • Spawn Location: 7:00

Event: WESG 2017 Haikou

VOD

Have the link to the VOD?

Description

Time

  • Played on: March 14, 2018, 6:25 a.m.
  • Length: 4:09

All games in this series

Show
View Real Time Build Order
Export as new Build Order

Kelazhur Terran 

Build Orders:  

Get SALT Encoding   

  12  0:01  SCV  
  14  0:18  Supply Depot  
  13  0:27  SCV  
  14  0:40  Barracks  
  14  0:50  Barracks  
  14  1:04  Barracks  
  14  1:08  SCV  
  15  1:27  Marine  
  15  1:28  Barracks  
  16  1:36  Marine  
  16  1:39  Supply Depot  
  17  1:45  Marine  
  18  1:51  Marine  
  19  1:54  Marine  
  20  2:02  Marine  
  21  2:09  Marine  
  21  2:12  Marine  
  23  2:16  Marine  
  23  2:20  Marine  
  25  2:27  Marine  
  26  2:30  Supply Depot  
  24  2:38  Marine  
  24  2:40  Marine  
Show
View Real Time Build Order
Export as new Build Order

Lambo Zerg - Winner!

Build Orders: Pool First 

Get SALT Encoding   

  12  0:00  Drone  
  13  0:12  Overlord  
  13  0:17  Drone  
  14  0:31  Drone x2  
  16  0:40  Spawning Pool  
  15  0:44  Drone  
  15  0:48  Drone  
  17  1:10  Hatchery  
  17  1:11  Drone  
  17  1:25  Extractor  
  17  1:26  Zergling x2  
  17  1:27  Zergling x2  
  17  1:28  Zergling x2  
  17  1:31  Queen  
  21  1:40  Overlord  
  22  1:54  Drone  
  22  2:00  Drone  
  23  2:07  Queen  
  25  2:13  Zergling x2  
  26  2:15  Spine Crawler  
  26  2:21  Spine Crawler  
  26  2:22  Zergling x2  
  26  2:32  Zergling x4  
  28  2:41  Zergling x2  
  27  2:55  Zergling x4  
  27  3:04  Zergling x2  
  27  3:08  Overlord  
  27  3:19  Spawning Pool  
  26  3:23  Drone  
  25  3:31  Drone x2  
Tags
 
Add a new tag
Caveats
  • Supply blocks, unpowered buildings, or Contaminate may cause inaccurate times.
  • Supply counts are checked every 10 seconds.